 Dungeon Crawl Stone Soup version 0.30-a0-802-gb92711bcdf (webtiles) character file.

Game seed: 8661910072663462941

3957 Dittersdorf the Blocker (level 10, -1/65 HPs)
             Began as a Gargoyle Fighter on Feb 24, 2023.
             Was a Believer of Okawaru.
             Slain by a gnoll sergeant
             ... wielding a +0 glaive
              (8 damage)
             ... in a bailey.
             The game lasted 00:10:44 (7683 turns).

Dittersdorf the Blocker (Gargoyle Fighter)          Turns: 7683, Time: 00:10:45

Health: -1/65      AC: 19    Str: 24    XL:     10   Next: 21%
Magic:  19/19      EV:  9    Int:  9    God:    Okawaru [**....]
Gold:   498        SH:  6    Dex: 15    Spells: 9/9 levels left

rFire   . . .      SeeInvis .    l - +8 flail of Biog Pye {flame, rElec rN+ MP+9}
rCold   . . .      Faith    .    c - +0 buckler
rNeg    + + .      Spirit   .    b - +0 scale mail
rPois   ∞          Reflect  .    q - +1 hat
rElec   +          Harm     .    w - +0 cloak
rCorr   .          Rampage  .    (no gloves)
Will    .....                    h - +0 pair of boots Stlth
                                 m - amulet of the acrobat
HPRegen 0.30/turn                n - ring of wizardry
MPRegen 0.16/turn                j - +6 ring of dexterity

@: weakened
A: sickness immunity, AC +7, negative energy resistance 1, electricity
resistance, torment resistance 1, petrification resistance
a: Renounce Religion, Heroism


You were in a bailey.
You worshipped Okawaru.
Okawaru was pleased with you.
You visited 2 branches of the dungeon, and saw 9 of its levels.
You also visited: Bailey.

You collected 553 gold pieces.
You spent 55 gold pieces at shops.

Inventory:

Hand Weapons
 a - a +0 flail
 l - the +8 flail of Biog Pye (weapon) {flame, rElec rN+ MP+9}
   (You found it on level 3 of the Dungeon)

   rElec:     It insulates you from electricity.
   rN:        It protects you from negative energy.
   MP:        It affects your magic capacity (+9).
Missiles
 e - 4 throwing nets (quivered)
Armour
 b - a +0 scale mail (worn)
 c - a +0 buckler (worn)
 f - a +1 plate armour
 h - a +0 pair of boots (worn)
 q - a +1 hat (worn)
 w - a +0 cloak (worn)
Jewellery
 j - a +6 ring of dexterity (right hand)
 m - an amulet of the acrobat (around neck)
 n - a ring of wizardry (left hand)
 p - a ring of ice
 r - an amulet of regeneration
Wands
 v - a wand of roots (1)
Potions
 d - 3 potions of might
 g - 8 potions of curing
 i - 6 potions of mutation
 k - 2 potions of flight
 o - 2 potions of heal wounds
 t - a potion of resistance


   Skills:
 + Level 8.6 Fighting
 + Level 7.5 Maces & Flails
 + Level 8.6 Armour
 + Level 8.6 Shields


You had 9 spell levels left.
You didn't know any spells.
Your spell library contained the following spells:

 Spells                   Type           Power      Damage    Failure   Level
 Kiss of Death            Conj/Necr      0%         2d5       38%         1
 Confusing Touch          Hex            0%         N/A       75%         3
 Ozocubu's Armour         Ice            0%         N/A       75%         3
 Dispel Undead            Necr           0%         3d6       98%         4
 Metabolic Englaciation   Hex/Ice        0%         N/A       100%        5
 Simulacrum               Ice/Necr       Unusable   N/A       N/A         6

Dungeon Overview and Level Annotations

Branches:
Dungeon (8/15)             Temple (1/1) D:7          Bailey (1/1)
   Lair: D:8-11

Altars:
Dithmenos
Okawaru
Ru
Uskayaw
Vehumet
Xom
Zin

Shops:
D:2 !   D:4 *:![   D:7 (((

Annotations:
D:4 2 runed translucent doors, ders's ghost, amateur DjCj


Innate Abilities, Weirdness & Mutations

You are immune to sickness and miasma.
Your stone body is resilient. (AC +7)
You are immune to poison.
You resist negative energy. (rN+)
You are resistant to electric shocks. (rElec)
You are resistant to unholy torment.
You are immune to petrification.


Message History

You are too injured to fight recklessly!
You are too injured to fight recklessly!
You are too injured to fight recklessly!
You are too injured to fight recklessly!
You are too injured to fight recklessly!
You are too injured to fight recklessly!
You are too injured to fight recklessly!
You are too injured to fight recklessly!
You are too injured to fight recklessly!
You are too injured to fight recklessly!
You are too injured to fight recklessly!
You are too injured to fight recklessly!
You are too injured to fight recklessly!
You are too injured to fight recklessly!
You are too injured to fight recklessly!
You are too injured to fight recklessly!
You are too injured to fight recklessly!
You are too injured to fight recklessly!
You hit the gnoll sergeant but do no damage.
The gnoll barely misses you.
The gnoll bouda hits you but does no damage.
The gnoll sergeant hits you with a +0 glaive!
* * * LOW HITPOINT WARNING * * *
You hit the gnoll sergeant. You burn the gnoll sergeant.
The gnoll sergeant is lightly wounded.
Your attacks no longer feel as feeble.
The gnoll hits you with a +0 halberd.
* * * LOW HITPOINT WARNING * * *
The gnoll bouda gazes fiercely through you!
You feel your attacks grow feeble. You block the gnoll bouda's attack.
The gnoll sergeant hits you with a +0 glaive.
* * * LOW HITPOINT WARNING * * *
You hit the gnoll sergeant. You burn the gnoll sergeant.
The gnoll sergeant is heavily wounded.
The gnoll bouda hits you with a +0 trident.
* * * LOW HITPOINT WARNING * * *
You block the gnoll's attack.
The gnoll sergeant hits you with a +0 glaive!
You die...

♣≈ ##...## ≈♣ ♣≈
##.....## ≈♣ ♣≈
#.......# ≈♣ ♣≈
#...8...#+###≈♣ ♣≈
#.......#...#≈♣ ♣≈
##.....##...#≈♣ ♣≈
##...##....#≈♣ ♣≈
##'##.gg.8#≈♣ ♣≈
#...#.@g..#≈♣ ♣≈##
+.).'.)..##≈♣ ♣≈.##
#().#.).##.≈♣
♣≈..#####...#####..≈♣
♣≈.................≈♣
♣≈≈...............≈≈♣
♣♣≈≈≈≈≈≈≈≈≈≈≈≈≈≈≈≈≈♣♣
♣♣♣♣♣♣♣♣♣♣♣♣♣♣♣♣♣♣♣


You could see a gnoll sergeant, a gnoll bouda and a gnoll.

Vanquished Creatures
  Sigmund (D:5)
  2 steam dragons
  A water moccasin (D:5)
  3 ice beasts
  A sky beast (D:7)
  An ogre (D:4)
  6 black bears
  A centaur (D:8)
  A kobold brigand (D:7)
  5 bullfrogs
  A gnoll sergeant (Bailey)
  4 scorpions
  2 necrophages
  5 wights (D:7)
  4 killer bees (D:8)
  8 crimson imps (D:8)
  3 gnoll boudas
  Crazy Yiuf (D:7)
  3 orc priests
  4 hounds
  2 jellies
  2 iguanas (D:5)
  2 orc wizards
  18 gnolls
  3 adders
  A shadow imp (D:6)
  A white imp (D:8)
  3 ufetubi (D:6)
  A dart slug (D:5)
  18 orcs
  7 endoplasms
  3 giant cockroaches
  7 goblins
  A hobgoblin (D:3)
  5 quokkas
  4 ball pythons
  9 bats
  4 frilled lizards
  8 kobolds
  3 rats
159 creatures vanquished.

Vanquished Creatures (others)
  A centaur (D:6)
  An ogre (D:6)
  A hound (D:6)
  An iguana (D:6)
  2 jellies (D:6)
  An orc (D:6)
7 creatures vanquished.

Grand Total: 166 creatures vanquished

Notes
Turn   | Place    | Note
-------+----------+-------------------------------------------
     0 | D:1      | Dittersdorf the Gargoyle Fighter began the quest for the
                  | Orb.
     0 | D:1      | Reached XP level 1. HP: 14/14 MP: 1/1
   170 | D:1      | Reached XP level 2. HP: 16/19 MP: 2/2
   432 | D:1      | Reached XP level 3. HP: 19/23 MP: 3/3
  1077 | D:2      | Identified the +7 scimitar of Conscience {spect, *Rage
                  | rElec rN+}
  1163 | D:2      | Reached XP level 4. HP: 29/29 MP: 4/4
  1316 | D:2      | Found Lyacezxi's Distillery.
  1761 | D:3      | Reached XP level 5. HP: 17/33 MP: 5/5
  1827 | D:3      | Identified the +8 flail of Biog Pye {flame, rElec rN+ MP+9}
  1895 | D:3      | Identified the +7 hand axe of the Egg {flame, Drain rElec
                  | rC+ Str+7}
  2625 | D:4      | Found Quijastr Neto's General Store.
  2649 | D:4      | Found a large runed translucent door.
  2650 | D:4      | Found a large runed translucent door.
  2666 | D:4      | Found Tihoora's Distillery.
  2671 | D:4      | Bought a potion of heal wounds for 55 gold pieces
  2712 | D:4      | Reached XP level 6. HP: 39/39 MP: 6/6
  2754 | D:4      | Noticed a black bear
  2760 | D:4      | Killed a black bear
  2801 | D:4      | Found Gudd's Antique Armour Boutique.
  2871 | D:4      | Found Qadyd's Book Shoppe.
  2941 | D:4      | Noticed ders's ghost (amateur DjCj)
  3257 | D:4      | Reached skill level 5 in Fighting
  3257 | D:4      | Reached skill level 5 in Armour
  3257 | D:4      | Reached skill level 5 in Shields
  3257 | D:4      | Reached XP level 7. HP: 35/44 MP: 7/7
  3388 | D:5      | Entered Level 5 of the Dungeon
  3923 | D:5      | Reached XP level 8. HP: 51/51 MP: 8/8
  4083 | D:5      | Noticed Sigmund
  4095 | D:5      | Killed Sigmund
  4242 | D:5      | Reached skill level 5 in Maces & Flails
  4330 | D:5      | Found a shadowy altar of Dithmenos.
  4330 | D:5      | Found a hide-covered altar of Uskayaw.
  4331 | D:5      | Found a sacrificial altar of Ru.
  4436 | D:5      | Found a glowing silver altar of Zin.
  4816 | D:6      | Found a shimmering altar of Xom.
  5275 | D:6      | Reached XP level 9. HP: 56/56 MP: 9/9
  5501 | D:7      | Found a staircase to the Ecumenical Temple.
  5511 | Temple   | Entered the Ecumenical Temple
  5548 | Temple   | Became a worshipper of Warmaster Okawaru
  5726 | D:7      | Found Peaf's Weapon Emporium.
  6017 | D:7      | Found Bumynol's Antique Weapon Emporium.
  6176 | D:7      | Reached * piety under Okawaru
  6202 | D:7      | Found Zappa's Weapon Shop.
  6410 | D:7      | Found a runed translucent door.
  6411 | D:7      | Noticed Crazy Yiuf
  6879 | D:7      | Killed Crazy Yiuf
  7137 | D:8      | Reached XP level 10. HP: 39/64 MP: 10/10
  7143 | D:8      | Reached ** piety under Okawaru
  7210 | D:8      | Found a flagged portal.
  7219 | Bailey   | Entered a bailey
  7683 | Bailey   | Slain by a gnoll sergeant

Illustrated notes

Levels and vault maps discovered:
D:1:      dpeg_arrival_pits, layout_loops_ring
D:2:      layout_basic, serial_shops, shop_fountains
D:3:      layout_basic, corner_web_ring
D:4:      layout_basic, serial_shops, nicolae_stop_n_shop_1,
          kennysheep_mini_moat, nicolae_shop_hallway_stairs, shop_statue,
          ebering_ghost_disaster_area
D:5:      layout_cave_pods, mainiacjoe_overflow_alcove_1,
          gammafunk_temple_overflow_claw, uniq_sigmund
D:6:      nicolae_cairo_tiling_very_big, layout_basic, xom_confusion_cloud,
          hex_tiny
D:7:      layout_layer_cave, minmay_temple_entry_statues, serial_shops,
          shop_coins, nicolae_shop_competitors_out_of_business, shop,
          minmay_holes, glass_columns_a, minmay_misc_feat_rows, minivault_26,
          uniq_crazy_yiuf_cottage
D:8:      layout_basic, enter_bailey_2, minmay_nine_imps, uniq_amaemon
Temple:   regret_index_temple_generic_petals
Bailey:   bailey_polearm_gnolls_kennysheep, bailey

Skill      XL: |  1  2  3  4  5  6  7  8  9 |
---------------+----------------------------+-----
Fighting       | 4 5 6 8 |  8.6
Armour         | 4 5 6 8 |  8.6
Shields        | 4 5 6 8 |  8.6
Maces & Flails | 3 4 5 7 |  7.5

Action                     |  1- 3 |  4- 6 |  7- 9 | 10-12 || total
---------------------------+-------+-------+-------+-------++-------
  Melee: Flail             |   107 |    82 |   205 |    64 ||   458
 Invoke: Heroism           |       |       |       |     1 ||     1
    Use: Scroll            |       |       |    14 |       ||    14
   Stab: Confused          |       |       |     1 |       ||     1
 Armour: Scale mail        |    64 |    46 |   111 |    56 ||   277
  Dodge: Dodged            |    49 |    31 |   106 |    77 ||   263
  Block: Buckler           |    27 |    16 |    48 |    47 ||   138

Table legend: (Time is in decaauts)
 A = Elapsed time spent in this place.
 B = Non-inter-level travel time spent in this place.
 C = Inter-level travel time spent in this place.
 D = Time resting spent in this place.
 E = Time spent auto-exploring this place.
 F = Levels seen in this place.
 G = Mean time per level.
                   A        B        C        D        E       F      G
               +--------+--------+--------+--------+--------+-----+--------+
         Total |   7772 |   7349 |    423 |    573 |   5389 |  10 |  777.2 |
       Dungeon |   7245 |   6845 |    400 |    337 |   5360 |   8 |  905.6 |
        Temple |     61 |     38 |     23 |      0 |     29 |   1 |   61.0 |
        Bailey |    464 |    464 |      0 |    236 |      0 |   1 |  464.0 |
               +--------+--------+--------+--------+--------+-----+--------+

Top non-repeatable levels by time:
     D:7: 1491 daAuts
     D:5: 1265 daAuts
     D:3: 1081 daAuts
     D:1: 908 daAuts
     D:4: 769 daAuts
     D:6: 753 daAuts
     D:2: 717 daAuts
  Bailey: 464 daAuts
     D:8: 258 daAuts
  Temple: 61 daAuts
